 Dungeon Sprint DCSS version 0.30.1-11-g7821555f0a (webtiles) character file.

Game seed: 13128259121223950970

4103 Groucho the Thaumaturge (level 10, 0/70 HPs)
             Began as a Djinni Earth Elementalist on Dec 21, 2023.
             Was the Champion of Dithmenos.
             Slain by a sun demon (14 damage)
             ... summoned by an orc high priest
             ... in the Dungeon (Sprint VII: "The Pits").
             The game lasted 00:17:15 (5463 turns).

Groucho the Thaumaturge (Djinni Earth Elementalist) Turns: 5463, Time: 00:17:15

Health: 0/70       AC: 12    Str: 10    XL:     10   Next: 50%
Gold:   0          EV: 11    Int: 20    God:    Dithmenos [******] SH:  0 Dex: 18

rFire   + + .        g - +2 dagger
rCold   x . .        (no shield)
rNeg    . . .        q - +4 scale mail
rPois   ∞            p - +0 helmet
rElec   .            (no cloak)
rCorr   .            (no gloves)
SInv    .            (boots unavailable)
Will    +....        (no amulet)
Stlth   ++++++       c - +3 ring of dexterity
HPRegen 0.31/turn    d - +3 ring of strength
MPRegen 0.00/turn

%: no teleportation, infuse magic (-1 HP)
@: flying, wreathed by umbra
A: sickness immunity, fire resistance 2, cold vulnerability 1, float, innate
caster, HP casting, extra vitality 1
a: Renounce Religion, Shadow Step, Shadow Form


You were in the Dungeon.
You worshipped Dithmenos.
Dithmenos was exalted by your worship.
You visited 1 branch

Inventory:

Hand Weapons
 g - a +2 dagger (weapon)
 k - a +1 dagger of venom
Armour
 p - a +0 helmet (worn)
 q - a +4 scale mail (worn)
Jewellery
 c - a +3 ring of dexterity (left hand)
 d - a +3 ring of strength (right hand)
Scrolls
 f - a scroll of blinking
 i - a scroll of summoning
 j - 2 scrolls of vulnerability
Potions
 b - 3 potions of curing
 e - 6 potions of berserk rage
 h - a potion of invisibility
 m - a potion of might
 n - a potion of brilliance
 o - 2 potions of heal wounds


   Skills:
 - Level 5.0 Fighting
 + Level 3.4 Short Blades
 - Level 5.4 Armour
 - Level 6.5 Dodging
 - Level 10.0 Stealth
 + Level 14.5 Spellcasting


You knew the following spells:

 Your Spells              Type           Power      Damage    Failure   Level
a - Sandblast             Erth           100%       2d20      1%          1
b - Passwall              Tmut/Erth      53%        N/A       1%          2
c - Stone Arrow           Conj/Erth      100%       3d13      1%          3
d - Petrify               Tmut/Erth      64%        N/A       1%          4
e - Sting                 Tmut/Pois      100%       1d8       1%          1
f - Static Discharge      Conj/Air       100%       2-7/arc   1%          2
g - Ensorcelled Hibernat  Hex/Ice        100%       N/A       1%          2
h - Teleport Other        Tloc           64%        N/A       1%          3
Your spell library was empty.

Dungeon Overview and Level Annotations

Branches:
Dungeon (1/1)

Altars:
Ashenzari
Cheibriados
Dithmenos
Elyvilon
Fedhas
Gozag
Hepliaklqana
Makhleb
Nemelex Xobeh
Okawaru
Qazlal
Ru
Trog
Uskayaw
Wu Jian
Xom
Yredelemnul
Zin
The Shining One
Jiyva
Lugonu


Innate Abilities, Weirdness & Mutations

You are immune to sickness and miasma.
You are immune to poison.
Your flesh is very heat resistant. (rF++)
You are vulnerable to cold. (rC-)
You float through the air rather than walking.
You learn spells naturally, not from books.
Your magical power is your life essence.
You have superior vitality. (+4 MHP)


Message History

Aiming: Stone Arrow (safe; 1% risk of failure)
Press: ? - help, Q - select action, (/) - cycle Shift-Dir - straight line, f/p - orc high priest
Aim: an orc high priest, wielding a +0 battleaxe and wearing a +0 leather armour (umbra, 72% to hit)
The stone arrow hits the warg!!
The warg is almost dead.
The warg closely misses you.
Unknown command.
Unknown command.
Unknown command.
Aiming: Stone Arrow (safe; 1% risk of failure)
Press: ? - help, Q - select action, (/) - cycle Shift-Dir - straight line, f/p - orc high priest
Aim: an orc high priest, wielding a +0 battleaxe and wearing a +0 leather armour (umbra, 72% to hit)
The stone arrow hits the warg!
You kill the warg!
Dithmenos accepts your kill.
Your shadow mimicks your spell!
The shadow shard hits the sun demon!
The sun demon closely misses you.
Your Short Blades skill increases to level 3!
Unknown command.
Unknown command.
Unknown command.
Aiming: Stone Arrow (safe; 1% risk of failure)
Press: ? - help, Q - select action, (/) - cycle Shift-Dir - straight line, f/p - orc high priest
Aim: an orc high priest, wielding a +0 battleaxe and wearing a +0 leather armour (umbra, 72% to hit)
The stone arrow hits the sun demon!
The sun demon is moderately wounded.
The sun demon closely misses you.
Unknown command.
Unknown command.
The sun demon attacks as you move away! The sun demon hits you!!
You are engulfed in flames.
You resist. The sun demon barely misses you.
You reach down and open the door.
The sun demon hits you!
* * * LOW HITPOINT WARNING * * *
You are engulfed in flames.
You resist.
* * * LOW HITPOINT WARNING * * *
The sun demon hits you but does no damage.
The sun demon attacks as you move away! The sun demon hits you!
You die...

#.#####'#####''#####
#.##.......##''# ##### ####
#.##.......##..###...###..+
'.##.......##...##...##..##
####...<...###...##'##..##
).##.......# ##...)......##
).##.......###..###÷###...#
####.......##..##.....##..#
..###########..'@34....+..+
)############..##o.4..##..#
.#....#...[###..###'###...#
)#....#.[[[# ##..........##
.'..).'..))###...##)##..##
'#....#..))##...##.).##..#
)#....#..))##.)###...###..+
################ ##### ###


You could see an orc high priest, a sun demon (summoned), an ice devil
(summoned) and a red devil (summoned).

Vanquished Creatures
  Erica (D)
  A phantasmal warrior (D)
  A manticore (D)
  A molten gargoyle (D)
  A cane toad (D)
  A komodo dragon (D)
  A polar bear (D)
  A tyrant leech (D)
  A hornet (D)
  A spriggan (D)
  A wraith (D)
  A wyvern (D)
  A warg (D)
  2 floating eyes (D)
  A scorpion (D)
  3 wights (D)
  A quasit (D)
  A gnoll bouda (D)
  4 orc priests (D)
  2 orc wizards (D)
  A mummy (D)
  An adder (D)
  2 gnolls (D)
  A river rat (D)
  4 orcs (D)
  A ball python (D)
  A goblin (D)
  A hobgoblin (D)
  4 jackals (D)
  A kobold (D)
  A ball python skeleton (D)
  A ball python zombie (D)
  2 frilled lizards (D)
  A quokka skeleton (D)
49 creatures vanquished.

Notes
Turn   | Place    | Note
-------+----------+-------------------------------------------
     0 | D        | Groucho the Djinni Earth Elementalist began the quest for
                  | the Orb.
     0 | D        | Groucho set off with the following spells memorised:
                  | Sandblast, Passwall, Stone Arrow, Petrify.
     0 | D        | Reached XP level 1. HP: 15/15 MP: 0/0
    12 | D        | Reached skill level 3 in Spellcasting
    38 | D        | Found a bloodstained altar of Trog.
    38 | D        | Found a viscous altar of Jiyva.
    38 | D        | Found a hazy altar of Hepliaklqana.
    38 | D        | Found an opulent altar of Gozag.
    39 | D        | Found a glowing golden altar of the Shining One.
    39 | D        | Found a glowing silver altar of Zin.
    39 | D        | Found a basalt altar of Yredelemnul.
    39 | D        | Found a shimmering altar of Xom.
    39 | D        | Found an ornate altar of the Wu Jian Council.
    39 | D        | Found a sacrificial altar of Ru.
    39 | D        | Found a stormy altar of Qazlal.
    39 | D        | Found an iron altar of Okawaru.
    39 | D        | Found a sparkling altar of Nemelex Xobeh.
    39 | D        | Found a burning altar of Makhleb.
    39 | D        | Found a blossoming altar of Fedhas.
    39 | D        | Found a white marble altar of Elyvilon.
    39 | D        | Found a shadowy altar of Dithmenos.
    39 | D        | Found a snail-covered altar of Cheibriados.
    41 | D        | Found a corrupted altar of Lugonu.
    42 | D        | Found a hide-covered altar of Uskayaw.
    42 | D        | Found a broken altar of Ashenzari.
    49 | D        | Became a worshipper of Dithmenos the Shadowed
    63 | D        | Noticed a floating eye
    67 | D        | Killed a floating eye
    68 | D        | Reached skill level 7 in Spellcasting
    68 | D        | Reached XP level 2. HP: 18/21 MP: 0/0
    68 | D        | Reached XP level 3. HP: 21/25 MP: 0/0
    68 | D        | Learned a level 1 spell: Sting
    68 | D        | Reached XP level 4. HP: 27/31 MP: 0/0
    68 | D        | Reached XP level 5. HP: 30/35 MP: 0/0
    68 | D        | Learned a level 2 spell: Static Discharge
   237 | D        | Noticed a floating eye
   241 | D        | Paralysed by a floating eye for 3 turns
   244 | D        | Reached * piety under Dithmenos
   245 | D        | Killed a floating eye
   246 | D        | Reached skill level 9 in Spellcasting
   246 | D        | Reached XP level 6. HP: 33/40 MP: 0/0
   533 | D        | Reached ** piety under Dithmenos
  1029 | D        | Reached skill level 10 in Spellcasting
  1263 | D        | Reached *** piety under Dithmenos
  1268 | D        | Reached XP level 7. HP: 26/45 MP: 0/0
  1268 | D        | Learned a level 2 spell: Ensorcelled Hibernation
  1270 | D        | Reached **** piety under Dithmenos
  2104 | D        | Noticed Erica
  2105 | D        | Noticed a tyrant leech
  2134 | D        | Killed a tyrant leech
  2135 | D        | Reached skill level 11 in Spellcasting
  2144 | D        | HP: 1/45 [something (7)]
  2152 | D        | Killed Erica
  2153 | D        | Reached skill level 12 in Spellcasting
  2153 | D        | Reached XP level 8. HP: 15/50 MP: 0/0
  2515 | D        | Reached ***** piety under Dithmenos
  2516 | D        | Noticed a phantasmal warrior
  2519 | D        | Killed a phantasmal warrior
  2520 | D        | Reached skill level 10 in Stealth
  2520 | D        | Reached XP level 9. HP: 22/55 MP: 0/0
  2520 | D        | Learned a level 3 spell: Teleport Other
  3156 | D        | Noticed a cane toad
  3160 | D        | Reached skill level 1 in Armour
  3161 | D        | Killed a cane toad
  3162 | D        | Reached skill level 13 in Spellcasting
  3185 | D        | Reached skill level 5 in Dodging
  3191 | D        | Reached ****** piety under Dithmenos
  3387 | D        | Noticed a manticore
  3395 | D        | Killed a manticore
  3396 | D        | Reached skill level 5 in Armour
  3913 | D        | Noticed a molten gargoyle
  3918 | D        | Killed a molten gargoyle
  3919 | D        | Reached XP level 10. HP: 34/67 MP: 0/0
  4878 | D        | Noticed a komodo dragon
  4887 | D        | Killed a komodo dragon
  4888 | D        | Reached skill level 14 in Spellcasting
  4889 | D        | Reached skill level 5 in Fighting
  5234 | D        | Reached skill level 1 in Short Blades
  5449 | D        | Noticed an orc high priest
  5452 | D        | Noticed an ice devil
  5453 | D        | Noticed a sun demon
  5463 | D        | Slain by a sun demon

Illustrated notes

Levels and vault maps discovered:
D:        pitsprint [storerooms_1, entrance_room_1, metal_vault_5, armoury_2,
          mini_pit_1, grid_room_1, main_hall_1, silver_pit, the_coven_3,
          the_vestibule_1, steel_vault_5, golden_pit, hallway_of_sentries,
          crystal_vault_2, iron_vault_1, final_vault]

Skill      XL: |  1  2  3  4  5  6  7  8  9 10 |
---------------+-------------------------------+-----
Spellcasting   | 7 9 10 12 13 14 | 14.5
Stealth        | 4 8 10 | 10.0
Armour         | 5 |  5.4
Dodging        | 6 |  6.5
Fighting       | 3 5 |  5.0
Short Blades   | 3 |  3.4

Action                     |  1- 3 |  4- 6 |  7- 9 | 10-12 || total
---------------------------+-------+-------+-------+-------++-------
  Melee: Dagger            |     1 |       |     9 |    15 ||    25
         Punch             |       |       |       |     1 ||     1
   Cast: Sandblast         |     3 |    11 |       |       ||    14
         Stone Arrow       |       |     5 |    33 |    13 ||    51
         Static Discharge  |       |       |     2 |       ||     2
         Ensorcelled Hiber |       |       |     2 |       ||     2
         Petrify           |       |       |       |     4 ||     4
    Use: Potion            |       |       |    13 |       ||    13
   Stab: Sleeping          |     1 |       |     4 |       ||     5
         Petrified         |       |       |       |     8 ||     8
         Petrifying        |       |       |       |     2 ||     2
 Armour: Robe              |       |     1 |     5 |       ||     6
         Scale mail        |       |       |     5 |     8 ||    13
  Dodge: Dodged            |       |     6 |    22 |    15 ||    43
